 Dungeon Crawl Stone Soup version 0.24-a0-189-g5d897e9104 (webtiles) character file.

Game seed: 8339688337968526864

2489 MrRokkomies the Thrower (level 9, 0/63 HPs)
             Began as an Octopode Assassin on Mar 16, 2019.
             Was an Initiate of Dithmenos.
             Slain by a hippogriff (7 damage)
             ... on level 8 of the Dungeon.
             The game lasted 00:29:56 (8124 turns).

MrRokkomies the Thrower (Octopode Assassin)         Turns: 8124, Time: 00:29:57

Health: 0/63       AC:  1    Str: 11    XL:     9   Next: 52%
Magic:  9/9        EV: 16    Int: 13    God:    Dithmenos [......]
Gold:   461        SH:  0    Dex: 16    Spells: 6/8 levels left

rFire    . . .     SeeInvis +   a - +3 short sword
rCold    . . .     Gourm    .   (no shield)
rNeg     + . .     Faith    .   (helmet restricted)
rPois    +         Spirit   .   (no amulet)
rElec    .         Reflect  .   p - ring of see invisible
rCorr    .         Harm     .   s - ring of wizardry
MR       .....                  y - ring of stealth
Stlth    ++++......             B - ring of positive energy
HPRegen  0.20/turn              H - ring of poison resistance
MPRegen  0.11/turn              (no ring)
                                (no ring)
                                (no ring)

@: confused
A: almost no armour, stealthy swim, amphibious, 8 rings, constrict 8, camouflage
1, gelatinous body 1
a: Renounce Religion


You were on level 8 of the Dungeon.
You worshipped Dithmenos.
Dithmenos was noncommittal.
You were not hungry.

You visited 2 branches of the dungeon, and saw 9 of its levels.

You collected 461 gold pieces.

Inventory:

Hand Weapons
 a - a +3 short sword (weapon)
 b - a +1 blowgun
 e - a +2 dagger
 h - a +0 dagger of protection
 v - a +2 dagger of draining
Missiles
 d - 2 curare-tipped needles
 k - 141 stones
 l - 7 tomahawks (quivered)
 n - 47 poisoned needles
Jewellery
 p - a ring of see invisible (left tentacle)
 s - a ring of wizardry (right tentacle)
 y - a ring of stealth (on tentacle)
 B - a ring of positive energy (on tentacle)
 H - a ring of poison resistance (on tentacle)
Wands
 c - a wand of iceblast (11)
 C - a wand of flame (5)
 G - a wand of digging (3)
Scrolls
 m - a scroll of fog
 u - 2 scrolls of enchant weapon
 x - 3 scrolls of teleportation
 A - 2 scrolls of magic mapping
 D - a scroll of amnesia
Potions
 g - a potion of cancellation {unknown}
 i - 3 potions of mutation
 j - a potion of invisibility
 o - a potion of berserk rage {unknown}
 q - a potion of brilliance {unknown}
 r - a potion of resistance {unknown}
 t - a potion of flight {unknown}
 w - 2 potions of magic
 z - a potion of ambrosia
 E - a potion of lignification {unknown}
Comestibles
 f - 13 rations


   Skills:
 * Level 6.9 Fighting
 - Level 2.0 Short Blades
 * Level 8.6 Throwing
 - Level 5.0 Dodging
 - Level 8.1 Stealth


You had 6 spell levels left.
You knew the following spells:

 Your Spells              Type           Power        Failure   Level  Hunger
a - Shroud of Golubria    Chrm/Tloc      #.........   19%         2    ###....

Your spell library contained the following spells:

 Spells                   Type           Power        Failure   Level  Hunger
 Infusion                 Chrm           #...         12%         1    ##.....
 Sandblast                Erth           #.....       12%         1    ##.....
 Passwall                 Tmut/Erth      #.......     19%         2    ###....
 Song of Slaying          Chrm           #.......     19%         2    ###....
 Regeneration             Chrm/Necr      #.........   34%         3    ####...
 Spectral Weapon          Hex/Chrm       #.......     34%         3    ####...
 Stone Arrow              Conj/Erth      #.....       34%         3    ####...
 Petrify                  Tmut/Erth      #.......     73%         4    #####..
 Lee's Rapid Deconstruct  Erth           #.........   96%         5    ######.


Dungeon Overview and Level Annotations

Branches:
Dungeon (8/15)             Temple (1/1) D:7
   Lair: D:8-11

Altars:
Ashenzari
Cheibriados
Dithmenos
Elyvilon
Gozag
Hepliaklqana
Kikubaaqudgha
Makhleb
Nemelex Xobeh
Okawaru
Qazlal
Ru
Sif Muna
Trog
Uskayaw
Vehumet
Wu Jian
Xom
Yredelemnul
Zin
The Shining One

Shops:
D:6 *


Innate Abilities, Weirdness & Mutations

You cannot wear most types of armour.
You are very stealthy in the water. (Stealth+)
You are amphibious.
You can wear up to eight rings at the same time.
You can use your tentacles to constrict eight enemies at once.
Your skin changes colour to match your surroundings (Stealth+).
Your rubbery body absorbs attacks. (AC +1, EV +1)


Message History

The hippogriff misses you. x2; The hippogriff claws you.
a - a +3 short sword (weapon)
You hit the hippogriff.
The hippogriff is moderately wounded.
The hippogriff bites you!
* * * LOW HITPOINT WARNING * * *
The hippogriff completely misses you. The hippogriff claws you.
* * * LOW HITPOINT WARNING * * *
Okay, then.
Unknown command.
You are confused.
You feel invigorated. The hippogriff bites you!
* * * LOW HITPOINT WARNING * * *
The hippogriff pecks you.
* * * LOW HITPOINT WARNING * * *
The hippogriff closely misses you.
You barely miss the hippogriff. Your squeeze misses the hippogriff.
The hippogriff is moderately wounded.
The hippogriff bites you!
You die...

#........(#
#.........#
#.........# ###
#.........# #..
#.........# #..
#.........#######
#..
.###........H†......
#.. ............@#
#.. #..###...### #.#
#.....#.### #.#
#####.....# #.#
#.#.#.# ## #.#
#...#.####.. #.#
##..#.......## ###.#
##....# ....####....
#.##..#. #......#..


You could see a hippogriff.

Vanquished Creatures
  An ice beast (D:6)
  2 sky beasts (D:6)
  An ogre (D:7)
  2 centaurs
  A big kobold (D:7)
  5 bullfrogs
  A gnoll sergeant (D:7)
  A scorpion (D:5)
  10 wights
  5 howler monkeys
  2 crimson imps
  A hound (D:7)
  A centaur skeleton (D:4)
  3 orc priests
  A gnoll shaman (D:4)
  A bullfrog skeleton (D:5)
  2 orc wizards
  Terence (D:3)
  An iguana (D:6)
  6 worker ants
  A hound zombie (D:8)
  A hound skeleton (D:6)
  3 howler monkey skeletons
  12 gnolls
  6 adders
  2 shadow imps
  An ooze (D:4)
  2 worms (D:2)
  A dart slug (D:1)
  2 leopard geckos
  10 orcs
  4 giant cockroaches
  8 goblins
  5 hobgoblins
  8 jackals
  2 quokkas
  2 ball pythons (D:3)
  9 bats
  2 frilled lizards (D:3)
  10 kobolds
  6 rats
145 creatures vanquished.

Notes
Turn   | Place    | Note
-------+----------+-------------------------------------------
     0 | D:1      | MrRokkomies the Octopode Assassin began the quest for the
                  | Orb.
     0 | D:1      | Reached XP level 1. HP: 14/14 MP: 1/1
   215 | D:1      | Reached XP level 2. HP: 19/19 MP: 2/2
   576 | D:1      | Reached XP level 3. HP: 24/24 MP: 3/3
  1813 | D:3      | Reached XP level 4. HP: 24/29 MP: 4/4
  1966 | D:3      | Noticed Terence
  2003 | D:3      | Killed Terence
  2767 | D:4      | Reached XP level 5. HP: 23/34 MP: 5/5
  3194 | D:5      | Entered Level 5 of the Dungeon
  3433 | D:5      | Reached XP level 6. HP: 36/39 MP: 6/6
  4585 | D:5      | Noticed an ice beast
  4641 | D:6      | Reached XP level 7. HP: 14/45 MP: 7/7
  4694 | D:6      | Reached skill level 5 in Throwing
  5089 | D:6      | Found Fucugh Hyinn's Assorted Antiques.
  5107 | D:6      | Reached skill level 5 in Dodging
  5284 | D:6      | Reached XP level 8. HP: 43/51 MP: 8/8
  5307 | D:6      | Found a bloodstained altar of Trog.
  5908 | D:7      | Found a staircase to the Ecumenical Temple.
  6253 | D:7      | Reached skill level 5 in Fighting
  6652 | D:7      | Reached XP level 9. HP: 61/61 MP: 9/9
  6708 | D:7      | Learned a level 2 spell: Shroud of Golubria
  6726 | Temple   | Entered the Ecumenical Temple
  6823 | Temple   | Became a worshipper of Dithmenos the Shadowed
  8123 | D:8      | HP: 2/63 [hippogriff (5)]
  8124 | D:8      | Slain by a hippogriff

Levels and vault maps discovered:
D:1:      erik_arrival_triangle_large, layout_loops_ring
D:2:      layout_basic, minmay_tromino_v7
D:3:      layout_loops_ring, minmay_starry_boxes, uniq_terence
D:4:      wander_river, layout_basic, glass_columns_a
D:5:      layout_basic, first_ration
D:6:      layout_basic, basic_altar, serial_shops, shop,
          chequers_serial_rivers_micro_c
D:7:      layout_basic, minmay_temple_entry_offerings
D:8:      layout_rooms, serial_shops, kennysheep_mini_moat
Temple:   kilobyte_greek_temple

Skill      XL: |  1  2  3  4  5  6  7  8  9 |
---------------+----------------------------+-----
Dodging        | 2 3 4 5 |  5.0
Throwing       | 3 4 5 7 8 |  8.6
Stealth        | 6 7 8 |  8.1
Fighting       | 5 6 |  6.9
Short Blades   | |  2.0

Action                   |  1- 3 |  4- 6 |  7- 9 || total
-------------------------+-------+-------+-------++-------
Melee: Dagger            |    72 |    48 |   122 ||   242
       Constrict         |    16 |    10 |    34 ||    60
       Tentacles         |    12 |    11 |    34 ||    57
       Short sword       |       |       |    25 ||    25
 Fire: Blowgun           |     3 |    56 |    56 ||   115
Throw: Stone             |       |     5 |    28 ||    33
       Throwing net      |       |       |     2 ||     2
       Tomahawk          |       |       |    15 ||    15
Evoke: Wand              |       |       |     4 ||     4
  Use: Scroll            |     3 |     2 |    10 ||    15
       Potion            |       |     3 |     2 ||     5
 Stab: Sleeping          |    14 |     4 |    25 ||    43
       Held in net/web   |       |       |     1 ||     1
  Eat: Chunk             |     3 |     3 |     9 ||    15
       Ration            |       |     2 |       ||     2
Armor: Skin              |     8 |     3 |     1 ||    12
Dodge: Dodged            |    50 |    56 |   100 ||   206

Table legend:
 A = Non-vault XP
 B = Vault XP
 C = Vault XP percentage of total XP
 D = Non-vault monster count
 E = Vault monster count
 F = Vault count percentage of total count
                 A         B        C        D         E       F
            +---------+---------+-------+---------+---------+-------
      Total |    3511 |      45 |   1.3 |     137 |       8 |   5.5
            +---------+---------+-------+---------+---------+-------
        D:1 |      40 |       0 |   0.0 |      15 |       0 |   0.0
        D:2 |      24 |       4 |  14.3 |      11 |       3 |  21.4
        D:3 |      30 |      41 |  57.7 |      12 |       5 |  29.4
        D:4 |     133 |       0 |   0.0 |       5 |       0 |   0.0
        D:5 |     258 |       0 |   0.0 |      12 |       0 |   0.0
        D:6 |    1098 |       0 |   0.0 |      33 |       0 |   0.0
        D:7 |    1018 |       0 |   0.0 |      30 |       0 |   0.0
        D:8 |     910 |       0 |   0.0 |      19 |       0 |   0.0
            +---------+---------+-------+---------+---------+-------
